 Dungeon Crawl Stone Soup version 0.26-a0-606-g3c8f2f65f7 (webtiles) character file.

Game seed: 15027225950766646163

89 Descartes the Chucker (level 4, -2/42 HPs)
             Began as a Troll Hunter on Sept 1, 2020.
             Slain by a gnoll (6 damage)
             ... on level 3 of the Dungeon.
             The game lasted 00:04:31 (2220 turns).

Descartes the Chucker (Troll Hunter)                Turns: 2220, Time: 00:04:31

Health: -2/42      AC:  8    Str: 20    XL:     4   Next: 31%
Magic:  12/12      EV: 10    Int:  7    God:
Gold:   144        SH:  5    Dex: 11    Spells: 3/3 levels left

rFire    + . .     SeeInvis .     - Unarmed
rCold    + . .     Faith    .   (no shield)
rNeg     . . .     Spirit   .   n - +1 robe {rC+ rF+}
rPois    .         Reflect  +   (helmet restricted)
rElec    .         Harm     .   A - +0 cloak
rCorr    .                      (gloves unavailable)
MR       .....                  (boots unavailable)
Stlth    ++........             h - amulet of reflection
HPRegen  0.54/turn              b - ring of stealth
MPRegen  0.13/turn              z - ring of magical power

@: no status effects
A: large, unfitting armour, claws 3, regeneration 1, shaggy fur 1, tough skin 3
a: no special abilities


You were on level 3 of the Dungeon.
You visited 1 branch of the dungeon, and saw 4 of its levels.

You collected 144 gold pieces.

Inventory:

Missiles
 c - 5 large rocks (quivered)
 d - 2 throwing nets
 e - 68 arrows
 j - 43 stones
Armour
 n - a +1 robe of resistance (worn)
 A - a +0 cloak (worn)
Jewellery
 b - a ring of stealth (left claw)
 h - an amulet of reflection (around neck)
 i - an uncursed ring of flight
 u - an uncursed amulet of guardian spirit
 z - a ring of magical power (right claw)
Wands
 g - a wand of flame (9)
Scrolls
 f - a scroll of blinking {unknown}
 q - 4 scrolls of identify {unknown}
 r - 2 scrolls of random uselessness {unknown}
 s - 3 scrolls of enchant weapon {unknown}
 x - a scroll of magic mapping {unknown}
 y - 3 scrolls of teleportation {unknown}
 C - a scroll of remove curse {unknown}
Potions
 a - a potion of heal wounds {unknown}
 k - 2 potions of degeneration {unknown}
 l - 2 potions of curing {unknown}
 m - a potion of invisibility {unknown}
 o - a potion of berserk rage {unknown}
 p - 2 potions of resistance {unknown}
 t - a potion of lignification {unknown}
 v - a potion of magic {unknown}
 w - a potion of haste
 B - 2 potions of mutation {unknown}


   Skills:
 + Level 2.2 Fighting
 + Level 4.0 Throwing
 + Level 2.1 Dodging
 + Level 1.1 Stealth
 + Level 1.6 Unarmed Combat


You had 3 spell levels left.
You didn't know any spells.
Your spell library was empty.

Dungeon Overview and Level Annotations

Branches:
Dungeon (4/15)
 Temple: D:4-7

Altars:
Fedhas
Okawaru
Trog


Innate Abilities, Weirdness & Mutations

You are too large for most types of armour.
You have claws for hands.
Your natural rate of healing is unusually fast.
You are covered in fur. (AC +1)
You have extremely tough skin. (AC +3)


Message History

You are too injured to fight recklessly!
You are too injured to fight recklessly!
You are too injured to fight recklessly!
You are too injured to fight recklessly!
You are too injured to fight recklessly!
You are too injured to fight recklessly!
You are too injured to fight recklessly!
You are too injured to fight recklessly!
You are too injured to fight recklessly!
The gnoll barely misses you. x2; The gnoll hits you but does no damage.
The gnoll barely misses you.
You climb upwards.
There is a stone staircase leading down here.
The gnoll hits you.
* * * LOW HITPOINT WARNING * * *
You block the gnoll's attack.
The gnoll hits you with a +2 whip of electrocution.
* * * LOW HITPOINT WARNING * * *
The gnoll hits you.
You die...

###### #....# ###
#.##.# #.#####.##.# ###
#....##.##.# ..#######
#.<..#.....#
........####...##gg##.#
.#..........†...@.>####
###.....####....#g##
.......[# #.##.#.#
).).#...# #....#.#
._..##..# ######.#
).).#...# #.# .......##
### ###...## .#...##


You could see 3 gnolls.

Vanquished Creatures
  Ijyb (D:3)
  An adder (D:3)
  An ooze (D:1)
  A worm (D:2)
  2 dart slugs
  A leopard gecko (D:1)
  7 bats
  A giant cockroach (D:2)
  5 goblins
  6 hobgoblins
  A quokka (D:3)
  2 ball pythons
  5 frilled lizards
  6 kobolds
  5 rats
45 creatures vanquished.

Vanquished Creatures (others)
  A kobold (D:3)
  11 plants (D:2)
12 creatures vanquished.

Grand Total: 57 creatures vanquished

Notes
Turn   | Place    | Note
-------+----------+-------------------------------------------
     0 | D:1      | Descartes the Troll Hunter began the quest for the Orb.
     0 | D:1      | Reached XP level 1. HP: 19/19 MP: 0/0
   201 | D:1      | Reached XP level 2. HP: 28/28 MP: 1/1
   323 | D:1      | You fall into a shaft and drop 1 floor!
   555 | D:1      | Reached skill level 1 in Unarmed Combat
   580 | D:1      | Reached XP level 3. HP: 32/35 MP: 2/2
  1592 | D:2      | Found a blossoming altar of Fedhas.
  1838 | D:3      | Found a bloodstained altar of Trog.
  1847 | D:3      | Noticed Ijyb
  1856 | D:3      | Killed Ijyb
  1856 | D:3      | Reached skill level 1 in Stealth
  1856 | D:3      | Reached XP level 4. HP: 32/42 MP: 3/3
  1930 | D:3      | Found an iron altar of Okawaru.
  1940 | D:3      | Reached skill level 4 in Throwing
  2220 | D:3      | Slain by a gnoll

Illustrated notes

Levels and vault maps discovered:
D:1:      psy_arrival_heroes, layout_basic, st_stairs_11,
          chequers_serial_rivers_micro_e
D:2:      layout_basic, lemuel_round_altar, serial_forest,
          infiniplex_forest_lined_2, infiniplex_forest_straight_3,
          infiniplex_forest_clump_curved, infiniplex_forest_clump_small,
          infiniplex_forest_clump_curved, infiniplex_forest_3_way,
          infiniplex_forest_clump_tiny, infiniplex_forest_clump_C
D:3:      layout_basic, okawaru_ov_weapons_minmay, trog_three_pillars_becter,
          uniq_ijyb
D:4:      layout_rooms, minmay_temple_entry_ruins, minmay_statues_item,
          serial_bayou_lake_a, uniq_blork_the_orc

Skill      XL: |  1  2  3  4 |
---------------+-------------+-----
Unarmed Combat | 1 |  1.6
Fighting       | 2 |  2.2
Dodging        | 2 |  2.1
Stealth        | 1 |  1.1
Throwing       | 4 |  4.0

Action                   |  1- 3 |  4- 6 || total
-------------------------+-------+-------++-------
Melee: Unarmed           |   100 |    29 ||   129
 Stab: Sleeping          |     3 |     2 ||     5
Armor: Robe              |    34 |    14 ||    48
Dodge: Dodged            |    50 |    19 ||    69
Block: Other             |    26 |    10 ||    36
       Reflection        |     2 |       ||     2

Table legend: (Time is in decaauts)
 A = Elapsed time spent in this place.
 B = Non-inter-level travel time spent in this place.
 C = Inter-level travel time spent in this place.
 D = Time resting spent in this place.
 E = Time spent auto-exploring this place.
 F = Levels seen in this place.
 G = Mean time per level.
                   A        B        C        D        E       F      G
               +--------+--------+--------+--------+--------+-----+--------+
         Total |   2217 |   2117 |    100 |      0 |   1732 |   4 |  554.2 |
       Dungeon |   2217 |   2117 |    100 |      0 |   1732 |   4 |  554.2 |
               +--------+--------+--------+--------+--------+-----+--------+

Top non-repeatable levels by time:
     D:2: 1070 daAuts
     D:1: 762 daAuts
     D:3: 375 daAuts
     D:4: 8 daAuts
